 Dungeon Crawl Stone Soup version 0.29.0-5-ge4962eb29e (webtiles) character file.

Game seed: 6865671452486856507

4061 sanka the Grappler (level 10, -2/96 HPs)
             Began as a Troll Cinder Acolyte on Aug 29, 2022.
             Was a Follower of Okawaru.
             Slain by a fire elemental (8 damage)
             ... created by the fiery vengeance of Ignis
             ... on level 8 of the Dungeon.
             The game lasted 00:13:03 (6573 turns).

sanka the Grappler (Troll Cinder Acolyte)           Turns: 6573, Time: 00:13:04

Health: -2/96      AC:  7    Str: 24    XL:     10   Next: 5%
Magic:  12/12      EV: 10    Int: 10    God:    Okawaru [*.....]
Gold:   148        SH:  0    Dex:  9    Spells: 11/11 levels left

rFire   . . .      SeeInvis .     - Unarmed
rCold   + . .      Faith    .   (no shield)
rNeg    . . .      Spirit   .   A - +1 robe {rC+ rF+}
rPois   .          Reflect  .   (helmet restricted)
rElec   .          Harm     .   y - +1 cloak
rCorr   .          Rampage  .   (gloves unavailable)
Will    .....                   (boots unavailable)
Stlth   +++.......              f - amulet of the Ego {RegenMP Slay+5}
HPRegen 1.06/turn               (no ring)
MPRegen 0.53/turn               (no ring)

@: heroic, fire susceptible
A: large, unfitting armour, claws 3, regeneration 1, shaggy fur 1, tough skin 1
a: Renounce Religion, Heroism


You were on level 8 of the Dungeon.
You worshipped Okawaru.
Okawaru was aware of your devotion.
You visited 2 branches of the dungeon, and saw 10 of its levels.
You also visited: Sewer.

You collected 426 gold pieces.
You spent 278 gold pieces at shops.


Innate Abilities, Weirdness & Mutations

You are too large for most types of armour.
You have claws for hands.
Your natural rate of healing is unusually fast.
You are covered in fur. (AC +1)
You have tough skin. (AC +1)


   Skills:
 + Level 5.4(10.4) Fighting
 * Level 12.8(17.8) Unarmed Combat
 - Level 1.0 Spellcasting
 - Level 2.1 Fire Magic
 - Level 4.0 Invocations


You had 11 spell levels left.
You didn't know any spells.
Your spell library contained the following spells:

 Spells                   Type           Power      Damage    Failure   Level
 Scorch                   Fire           8%         2d5       22%         2
 Sting                    Tmut/Pois      0%         1d3       34%         1
 Poisonous Vapours        Pois/Air       0%         N/A       45%         2
 Sublimation of Blood     Necr           0%         N/A       45%         2
 Confusing Touch          Hex            0%         N/A       71%         3
 Gell's Gravitas          Tloc           0%         N/A       71%         3
 Teleport Other           Tloc           0%         N/A       71%         3
 Olgreb's Toxic Radiance  Pois           0%         N/A       98%         4
 Petrify                  Tmut/Erth      0%         N/A       98%         4
 Irradiate                Conj/Tmut      0%         3d11      100%        5
 Yara's Violent Unravell  Hex/Tmut       0%         3d3       100%        5
 Dispersal                Tloc           0%         N/A       100%        6
 Enfeeble                 Hex            0%         N/A       100%        7

Inventory:

Missiles
 q - 6 javelins (quivered)
 I - 2 throwing nets {=f}
Armour
 j - a +2 kite shield
 w - the +0 robe of Kuoc Beph {Will+ Str+6 Stlth+}

   Str:       It affects your strength (+6).
   Will:      It increases your willpower.
   Stlth:     It makes you more stealthy.
 y - a +1 cloak (worn)
 A - a +1 robe of resistance (worn)
 H - +0 swamp dragon scales
Magical Staves
 a - a staff of earth
 m - a staff of earth
Jewellery
 f - the amulet of the Ego (around neck) {RegenMP Slay+5}

   [amulet of magic regeneration]

   It increases your rate of magic regeneration.
   Slay:      It affects your accuracy & damage with ranged weapons and melee
   (+5).
Wands
 E - a wand of mindburst (10)
 J - a wand of acid (11)
Scrolls
 e - 6 scrolls of teleportation {@r4}
 h - 3 scrolls of butterflies
 i - a scroll of torment {!r}
 l - 3 scrolls of amnesia
 n - a scroll of blinking
 p - 2 scrolls of noise {!r}
 u - 2 scrolls of enchant armour
 x - a scroll of fear
 C - 2 scrolls of immolation {!r}
 D - a scroll of vulnerability {!r}
 F - 2 scrolls of identify {@r1}
Potions
 b - 6 potions of curing {@q1}
 c - 2 potions of resistance {unknown}
 d - 2 potions of magic {unknown}
 g - 4 potions of lignification {!q}
 k - 2 potions of invisibility {unknown}
 o - a potion of attraction {unknown}
 r - 2 potions of brilliance {unknown}
 s - 4 potions of cancellation {unknown}
 t - 3 potions of mutation {!q}
 v - 4 potions of flight
 z - 3 potions of might {unknown}
 B - a potion of heal wounds {unknown}
 G - a potion of berserk rage {unknown}

Dungeon Overview and Level Annotations

Branches:
Dungeon (9/15)             Temple (1/1) D:6           Sewer (visited)
   Lair: D:8-11         Orc: D:9-12

Altars:
Ashenzari
Cheibriados
Dithmenos
Elyvilon
Fedhas
Gozag
Hepliaklqana
Kikubaaqudgha
Makhleb
Nemelex Xobeh
Okawaru
Qazlal
Ru
Sif Muna
Trog
Uskayaw
Vehumet
Wu Jian
Xom
Yredelemnul
Zin
The Shining One

Shops:
D:6 *:?(:

Annotations:
D:7 3 runed translucent doors, p0werm0de's ghost, novice MiFi

▒▒▒ ..
▒▒▒▒▒▒▒▒▒▒ .
▒........▒
▒........▒
▒........▒
▒▒▒..
▒....)E☼.▒
.....
▒....TE☼°▒
.....
▒▒▒▒▒▒▒▒)▒
.▒▒▒▒
....gg§E.......
▒▒
.....g.........
.▒
.......£.......
.▒
...............
.+ .
.........▒▒▒▒▒▒
.▒ ..
.........▒
.▒▒...
▒▒▒▒▒▒▒▒▒▒


You could see 2 fire elementals.


Message History

The fire elemental hits you. The fire elemental burns you!
* * * LOW HITPOINT WARNING * * *
You scratch the fire elemental. You claw the fire elemental!
The fire elemental is severely damaged.
The fire elemental hits you. The fire elemental burns you!
* * * LOW HITPOINT WARNING * * *
The fire elemental hits you. The fire elemental burns you!
* * * LOW HITPOINT WARNING * * *
You scratch the fire elemental but do no damage.
The fire elemental is severely damaged.
The fire elemental hits you.
* * * LOW HITPOINT WARNING * * *
The fire elemental burns you!
* * * LOW HITPOINT WARNING * * *
Unknown command.
You mangle the fire elemental!!
You destroy the fire elemental!
That felt strangely unrewarding.
The fire elemental hits you. The fire elemental burns you!
* * * LOW HITPOINT WARNING * * *
Unknown command.
The fire elemental barely misses you. The fire elemental hits you.
The fire elemental burns you!
You die...

Action                   |  1- 3 |  4- 6 |  7- 9 | 10-12 || total
-------------------------+-------+-------+-------+-------++-------
Melee: Unarmed           |    96 |   191 |   247 |    25 ||   559
       Punch             |     2 |     1 |    16 |     1 ||    20
Invok: Fiery Armour      |       |     1 |     1 |       ||     2
       Heroism           |       |       |     1 |     2 ||     3
  Use: Potion            |       |     2 |     1 |       ||     3
       Scroll            |       |       |    12 |     2 ||    14
 Stab: Sleeping          |       |     1 |     2 |       ||     3
Armor: Robe              |    37 |    75 |    93 |    18 ||   223
Dodge: Dodged            |    34 |    83 |    88 |    17 ||   222
Block: Kite shield       |    10 |     5 |       |       ||    15

Levels and vault maps discovered:
D:1:      lightli_arrival_isolated_outpost, layout_loops_corners,
          shapermc_ecumenical_altar_venn
D:2:      layout_loops_ring, hangedman_decor_lopped, grunt_decor_junction
D:3:      layout_loops_cross, portal_sewer_entry_f, uniq_crazy_yiuf_cottage
D:4:      layout_basic, uniq_blork_the_orc
D:5:      minmay_diamond_boxcup, layout_rooms, minitemple, uniq_duvessa,
          uniq_sigmund
D:6:      layout_basic, minmay_temple_entry_glassed_door, serial_shops,
          nicolae_shop_window_shopping, nicolae_shop_trees, shop,
          nicolae_stop_n_shop_2, nicolae_shop_behind_doors
D:7:      layout_basic, ebering_ghost_rock_garden, kennysheep_cross_bottleneck
D:8:      layout_gridville, uniq_maggie
D:9:      layout_roguey, uniq_amaemon
Temple:   nicolae_temple_panitentiary

Notes
Turn   | Place    | Note
-------+----------+-------------------------------------------
     0 | D:1      | sanka the Troll Cinder Acolyte began the quest for the Orb.
     0 | D:1      | Reached XP level 1. HP: 22/22 MP: 1/1
   295 | D:1      | Reached XP level 2. HP: 29/29 MP: 2/2
   360 | D:1      | Found a faded altar of an unknown god.
   570 | D:1      | Reached skill level 4 in Unarmed Combat
   928 | D:2      | Reached XP level 3. HP: 36/36 MP: 3/3
  1581 | D:3      | Reached XP level 4. HP: 37/44 MP: 4/4
  1606 | D:3      | Reached skill level 5 in Unarmed Combat
  1677 | D:3      | Found a glowing drain.
  1701 | Sewer    | Entered a sewer
  1876 | Sewer    | Reached XP level 5. HP: 40/50 MP: 5/5
  1902 | Sewer    | Reached skill level 6 in Unarmed Combat
  2752 | D:3      | Found a runed translucent door.
  2753 | D:3      | Noticed Crazy Yiuf
  2802 | D:3      | Identified the +0 robe of Kuoc Beph {Will+ Str+6 Stlth+}
  3133 | D:3      | Killed Crazy Yiuf
  3222 | D:4      | Reached XP level 6. HP: 53/59 MP: 6/6
  3352 | D:4      | Reached skill level 7 in Unarmed Combat
  3726 | D:4      | Noticed Blork the orc
  3732 | D:4      | Killed Blork the orc
  3733 | D:4      | Reached skill level 8 in Unarmed Combat
  3733 | D:4      | Reached XP level 7. HP: 65/66 MP: 7/7
  3976 | D:5      | Entered Level 5 of the Dungeon
  4028 | D:5      | Reached skill level 9 in Unarmed Combat
  4042 | D:5      | Noticed Duvessa
  4046 | D:5      | Identified a +1 robe of resistance
  4046 | D:5      | Noticed Dowan
  4074 | D:5      | Killed Duvessa
  4082 | D:5      | Killed Dowan
  4084 | D:5      | Reached XP level 8. HP: 40/74 MP: 8/8
  4140 | D:5      | Reached skill level 10 in Unarmed Combat
  4221 | D:5      | Reached skill level 3 in Fighting
  4468 | D:5      | Reached skill level 11 in Unarmed Combat
  4511 | D:5      | Reached skill level 4 in Fighting
  4566 | D:5      | Noticed Sigmund
  4575 | D:5      | Killed Sigmund
  4576 | D:5      | Reached XP level 9. HP: 72/84 MP: 9/9
  4624 | D:5      | Found a hazy altar of Hepliaklqana.
  4627 | D:5      | Found a glowing golden altar of the Shining One.
  4630 | D:5      | Found a sparkling altar of Nemelex Xobeh.
  4636 | D:5      | Found a broken altar of Ashenzari.
  4675 | D:6      | Found Mauros's Book Boutique.
  4824 | D:6      | Found a staircase to the Ecumenical Temple.
  4836 | D:6      | Found Zeuly's Book Boutique.
  4856 | Temple   | Entered the Ecumenical Temple
  4856 | Temple   | Noticed an Ice Fiend
  4856 | Temple   | Noticed an Ice Fiend
  4856 | Temple   | Noticed a balrug
  4856 | Temple   | Noticed a Tzitzimitl
  4856 | Temple   | Noticed a balrug
  4857 | Temple   | Noticed Ukkoexzavu the pandemonium lord
  4857 | Temple   | Noticed Bofomp the pandemonium lord
  4858 | Temple   | Noticed a shadow demon
  4859 | Temple   | Noticed Moywor the pandemonium lord
  4901 | Temple   | Noticed Lunwynan the pandemonium lord
  4919 | Temple   | Noticed Atuekouq the pandemonium lord
  4927 | Temple   | Noticed Bolehi the pandemonium lord
  4950 | Temple   | Fell from the grace of Ignis
  4950 | Temple   | Became a worshipper of Warmaster Okawaru
  5053 | D:6      | Found Waetwar's Magic Scroll Shop.
  5056 | D:6      | Bought a scroll of identify for 24 gold pieces
  5056 | D:6      | Bought a scroll of teleportation for 36 gold pieces
  5056 | D:6      | Bought a scroll of identify for 24 gold pieces
  5056 | D:6      | Bought a scroll of identify for 24 gold pieces
  5139 | D:6      | Found Pemim's Weapon Emporium.
  5306 | D:6      | Found Tousulipso's Assorted Antiques.
  5310 | D:6      | Bought a bound tin amulet for 170 gold pieces
  5310 | D:6      | Identified the amulet of the Ego {RegenMP Slay+5} (You
                  | bought it in a shop on level 6 of the Dungeon)
  5388 | D:6      | HP: 8/85 [fire elemental[the fiery vengeance of Ignis] (9)]
  5504 | D:7      | Reached skill level 12 in Unarmed Combat
  5549 | D:7      | Reached * piety under Okawaru
  5550 | D:7      | Reached skill level 5 in Fighting
  5708 | D:7      | Found a runed translucent gate.
  5708 | D:7      | Found a runed translucent gate.
  5708 | D:7      | Found a runed translucent gate.
  5708 | D:7      | Noticed p0werm0de's ghost (novice MiFi)
  5735 | D:8      | Reached skill level 1 in Invocations
  5774 | D:8      | Reached skill level 2 in Invocations
  6073 | D:7      | Reached skill level 3 in Invocations
  6241 | D:8      | Identified +0 swamp dragon scales
  6241 | D:8      | Noticed Maggie
  6248 | D:8      | Killed Maggie
  6249 | D:8      | Reached skill level 4 in Invocations
  6345 | D:8      | Reached XP level 10. HP: 96/96 MP: 12/12
  6572 | D:8      | HP: 4/96 [fire elemental[the fiery vengeance of Ignis] (9)]
  6573 | D:8      | Slain by a fire elemental

Vanquished Creatures
  Maggie (D:8)
  Sigmund (D:5)
  5 fire elementals
  3 water moccasins
  Duvessa (D:5)
  An orc warrior (D:8)
  A sky beast (D:8)
  An ice beast (D:5)
  2 ogres
  3 black bears
  3 centaurs
  2 phantoms (D:5)
  A kobold brigand (D:6)
  3 bullfrogs (D:7)
  2 necrophages
  Blork the orc (D:4)
  3 scorpions (D:5)
  Dowan (D:5)
  6 killer bees (D:7)
  A howler monkey (D:5)
  3 jellies
  2 gnoll boudas
  5 hounds
  2 orc priests
  Crazy Yiuf (D:3)
  10 orc wizards
  3 iguanas
  13 gnolls
  5 river rats (Sewer)
  11 adders
  A shadow imp (D:5)
  3 ufetubi
  2 worms
  32 orcs
  15 bats
  6 endoplasms
  6 giant cockroaches
  7 goblins
  5 hobgoblins
  4 jackals
  10 kobolds
  7 quokkas
  10 ball pythons
  3 frilled lizards
  3 rats
211 creatures vanquished.
